 Dungeon Crawl Stone Soup version 0.20.1-1-g8b1a95d (console) character file.

32144 Morg0th the Warrior (level 13, -3/139 HPs)
             Began as a Minotaur Fighter on July 15, 2017.
             Was a High Priest of Okawaru.
             Slain by an ettin
             ... wielding a +2 great mace of protection
              (25 damage)
             ... on level 1 of the Orcish Mines on July 28, 2017.
             The game lasted 01:58:27 (24087 turns).

Morg0th the Warrior (Minotaur Fighter)             Turns: 24087, Time: 01:58:28

Health: -3/139     AC: 19    Str: 24    XL:     13   Next: 29%
Magic:  8/12       EV:  6    Int:  6    God:    Okawaru [*****.]
Gold:   1161       SH: 13    Dex: 13    Spells: 7/12 levels left

rFire    + . .     SeeInvis .   a - +4 eveningstar (freeze)
rCold    x . .     Gourm    .   c - +0 shield
rNeg     . . .     Faith    .   C - +0 plate armour
rPois    +         Spirit   .   (helmet restricted)
rElec    .         Reflect  .   o - +1 cloak
rCorr    +         Harm     .   q - +0 pair of gloves "Esiqit" {rPois rCorr Dex+2}
MR       .....                  N - +0 pair of boots {Stlth+}
Stlth    ..........             Y - amulet of rage
Regen    0.4/turn               u - ring of flight
MPRegen  0.2/turn               P - ring of fire

@: about to teleport
A: retaliatory headbutt, hooves 1, horns 2, robust 1
a: Heroism, Finesse, Renounce Religion, Evoke Berserk Rage, Evoke Flight


You were on level 1 of the Orcish Mines.
You worshipped Okawaru.
Okawaru was extremely pleased with you.
You were not hungry.

You visited 6 branches of the dungeon, and saw 22 of its levels.
You also visited: Labyrinth.

You collected 1161 gold pieces.

Inventory:

Hand Weapons
 a - a +4 eveningstar of freezing (weapon)
Missiles
 y - 122 stones (quivered)
Armour
 c - a +0 shield (worn)
 o - a +1 cloak (worn)
 q - the +0 pair of gloves "Esiqit" (worn) {rPois rCorr Dex+2}
   (You acquired it on level 7 of the Dungeon)

   It affects your dexterity (+2).
   It protects you from poison.
   It protects you from acid and corrosion.
 z - a +0 ring mail of magic resistance
 C - a +0 plate armour (worn)
 N - a +0 pair of boots of stealth (worn)
Magical Staves
 L - an uncursed staff of air {unknown}
Jewellery
 j - an uncursed ring of protection from magic
 t - the ring of Sin {Wiz rElec rPois Str-2 Stlth+, unknown}
   (You took it off a minotaur in a labyrinth)

   [ring of wizardry]

   It improves your spell success rate.
   It affects your strength (-2).
   It insulates you from electricity.
   It protects you from poison.
   It makes you more stealthy.
 u - a ring of flight (left hand)
 F - an uncursed ring of protection from cold {unknown}
 G - a +3 ring of strength {unknown}
 H - the ring of Biryama {+Blink rC+, unknown}
   (You found it in a labyrinth)

   [ring of protection from cold]

   It protects you from cold.
   It lets you blink.
 P - a ring of fire (right hand)
 Y - an amulet of rage (around neck)
Wands
 b - a wand of iceblast (10/15)
 g - a wand of paralysis (11/24)
 i - a wand of flame (9/48)
 n - a wand of digging (11/24)
 s - a wand of confusion (27/48)
 B - a wand of acid (10/15)
 E - a wand of acid (6/15)
 K - a wand of clouds (3/9)
 S - a wand of polymorph (13/24)
 U - a wand of lightning (3/15)
 W - a wand of scattershot (2/9)
Scrolls
 e - a scroll of blinking
 l - 2 scrolls of fog
 p - 4 scrolls of remove curse
 r - a scroll of enchant armour
 w - 6 scrolls of identify
 x - 2 scrolls of fear
 A - 5 scrolls of teleportation
 D - 3 scrolls of magic mapping
 O - a scroll of summoning
Potions
 d - 4 potions of might
 k - 7 potions of curing
 J - 2 potions of resistance
 Z - 2 potions of invisibility
Books
 M - the Grimoire of Flight and Poisoning
   (You found it in a labyrinth)

   Spells                             Type                      Level
   a - Sting                          Conjuration/Poison           1
   b - Spider Form                    Transmutation/Poison         3
   c - Venom Bolt                     Conjuration/Poison           5
   d - Silence                        Hexes/Air                    5
   e - Deflect Missiles               Charms/Air                   6
Comestibles
 f - 7 bread rations
 h - a meat ration
 m - 10 fruits
 v - 3 chunks of flesh


   Skills:
 + Level 15.2 Fighting
   Level 9.9(13.1) Axes
 - Level 14.0(15.0) Maces & Flails
 - Level 10.0 Armour
 + Level 11.7 Shields
 + Level 0.4 Invocations


You had 7 spell levels left.
You knew the following spells:

 Your Spells              Type           Power        Failure   Level  Hunger
a - Blink                 Tloc           N/A          100%        2    ###....
b - Confuse               Hex            #.......     100%        3    ####...


Dungeon Overview and Level Annotations

Branches:
Dungeon (11/15)            Temple (1/1) D:5            Lair (6/6) D:10
 Shoals (1/4) Lair:4        Snake (1/4) Lair:3        Slime (0/5) Lair:5
    Orc (2/2) D:10
    Elf: Orc:2

Altars:
Ashenzari
Cheibriados
Dithmenos
Elyvilon
Fedhas
Gozag
Hepliaklqana
Kikubaaqudgha
Makhleb
Nemelex Xobeh
Okawaru
Qazlal
Ru
Sif Muna
Trog
Uskayaw
Vehumet
Xom
Yredelemnul
Zin
The Shining One
Beogh

Shops:
Orc:1 *

Annotations:
D:8 exclusion: orange crystal statue
Lair:5 exclusion: 2 oklob plants


Innate Abilities, Weirdness & Mutations

You reflexively headbutt those who attack you in melee.
You have a pair of horns on your head.
You have large cloven feet.
You are robust. (+10% HP)


Message History

You block the ettin's attack.
You feel much better. The orc sorcerer casts a spell at you.
You resist with some effort. You block the ettin's attack.
The ettin hits you with a dire flail!!
* * * LOW HITPOINT WARNING * * *
Okay, then.
As you read the scroll of fear, it crumbles to dust.
You assume a fearsome visage.
The orc priest looks frightened!
The ynoxinul is unaffected.
The two-headed ogre looks frightened!
The orc sorcerer looks frightened! x2
The orc warrior looks frightened!
The ettin looks frightened!
The two-headed ogre looks frightened!
The orc priest looks frightened!
The orc looks frightened!
As you read the scroll of teleportation, it crumbles to dust.
You feel strangely unstable.
Your hands slow down.
Cornered, the orc sorcerer turns to fight!
Cornered, the two-headed ogre turns to fight!
Cornered, the ettin turns to fight!
You feel much better. You block the orc sorcerer's attack.
The ettin hits you with a great mace of protection!
* * * LOW HITPOINT WARNING * * *
The ettin hits you with a dire flail!!
You die...

########## ############ #### ###
####..#.#...#####......#.#.###..##
###.###.#.........................#....#
##.............#.......................##
#....................................####
#.........#...........................#.##
###...##..##.#>.#.>.................#......#
##.......)..[[.....[.....................#.###
#.......[<[..)...............................##
##......#.[...#..#...#.#..........#...........##
#...#........##...........................##...#
##.###....∩.##................#...)..#....###.##
#...###.....#..............#.#....#...##.## ###
##.###.......##############..##...#.......#
#####......## #### ##..#...##.....## #...#.###
..o###......####.### ##.#...# # ...##......# ###
####.### .#. o3##.....## #....## $... #O##....##
##....# .8$8[##o##...## ##...# .._)})#@##©.##
###.# )8$8=##C##.## ### .... #o#### .#.#C...# #
##..O# ...o## #####


You could see an ettin, 2 two-headed ogres, a ynoxinul, 2 orc sorcerers, an orc
warrior (fleeing), an orc wizard and an orc.

Vanquished Creatures
  A minotaur (Lab)
  A hydra (Lair:1)
  4 two-headed ogres
  Erica (D:8)
  An unseen horror (D:10)
  Pikel (D:7)
  The ghost of Turgon the Cutter, a novice OpIE of Ru (D:7)
  3 black mambas
  6 spiny frogs
  A torpor snail (Lair:3)
  2 rime drakes
  2 centaur skeletons (D:10)
  3 komodo dragons
  A troll (D:10)
  A merfolk (Shoals:1)
  A hornet (D:9)
  13 blink frogs
  A snapping turtle (Lair:4)
  10 dream sheep
  5 hippogriffs
  2 redbacks (Lab)
  2 shadows (Lab)
  A human (D:7)
  A wyvern (Lair:3)
  4 hogs (D:7)
  Grum (D:8)
  10 yaks (Lair:2)
  Edmund (D:4)
  A warg (D:10)
  3 nagas (Lair:3)
  11 water moccasins
  9 porcupines
  13 orc warriors
  5 black bears
  7 ice beasts
  7 ogres
  A slave (D:7)
  An eye of draining (D:10)
  6 sky beasts
  12 wolves
  3 centaurs
  A phantom (D:8)
  Blork the orc (D:4)
  11 crocodiles
  4 big kobolds
  18 bullfrogs
  8 killer bees (D:8)
  5 scorpions
  4 wights (D:10)
  2 howler monkeys (D:8)
  5 electric eels
  2 crimson imps
  2 bullfrog zombies
  A centaur zombie (D:5)
  6 hounds
  2 jellies
  A gnoll shaman (D:7)
  12 orc wizards
  13 orc priests
  A bullfrog skeleton (D:10)
  Jessica (D:2)
  2 iguanas
  7 worker ants
  A hound zombie (D:9)
  A hound skeleton (D:7)
  A howler monkey zombie (D:5)
  Robin (D:3)
  2 worker ant zombies
  6 adders
  19 gnolls
  3 shadow imps
  2 adder skeletons (D:7)
  2 adder zombies
  4 worms
  2 dart slugs
  4 leopard geckos
  49 orcs
  6 giant cockroaches
  19 goblins
  10 hobgoblins
  13 jackals
  21 kobolds
  3 quokkas
  12 bats
  16 frilled lizards
  A jackal skeleton (D:5)
  A leopard gecko skeleton (D:5)
  4 rats
  A plant (Lair:3)
473 creatures vanquished.

Vanquished Creatures (others)
  A leopard gecko (D:7)
  29 fungi
  3 plants
33 creatures vanquished.

Grand Total: 506 creatures vanquished

Notes
Turn   | Place    | Note
-------+----------+-------------------------------------------
     0 | D:1      | Morg0th the Minotaur Fighter began the quest for the Orb.
     0 | D:1      | Reached XP level 1. HP: 19/19 MP: 0/0
   371 | D:1      | Reached skill level 4 in Fighting
   383 | D:1      | Reached XP level 2. HP: 24/27 MP: 1/1
   523 | D:2      | Reached skill level 3 in Axes
   523 | D:2      | Reached XP level 3. HP: 28/34 MP: 2/2
   772 | D:2      | Reached skill level 5 in Fighting
  1253 | D:2      | Reached XP level 4. HP: 39/42 MP: 3/3
  1406 | D:3      | Reached skill level 4 in Axes
  1795 | D:2      | Reached skill level 5 in Axes
  1799 | D:2      | Reached XP level 5. HP: 27/48 MP: 4/4
  1972 | D:2      | Noticed Jessica
  1978 | D:2      | Killed Jessica
  2304 | D:3      | Noticed Robin
  2329 | D:3      | Killed Robin
  2329 | D:3      | Reached skill level 6 in Axes
  2587 | D:3      | Noticed a centaur
  2591 | D:3      | Killed a centaur
  2591 | D:3      | Reached XP level 6. HP: 55/57 MP: 5/5
  2960 | D:4      | Reached skill level 7 in Axes
  3028 | D:4      | Noticed Blork the orc
  3041 | D:4      | Killed Blork the orc
  3041 | D:4      | Reached skill level 6 in Fighting
  3070 | D:4      | Reached XP level 7. HP: 61/63 MP: 6/6
  3147 | D:5      | Entered Level 5 of the Dungeon
  3147 | D:5      | Found a staircase to the Ecumenical Temple.
  3157 | Temple   | Entered the Ecumenical Temple
  3279 | Temple   | Became a worshipper of Warmaster Okawaru
  3348 | D:4      | Reached skill level 8 in Axes
  3722 | D:4      | Noticed Edmund
  3733 | D:4      | Killed Edmund
  3733 | D:4      | Reached skill level 1 in Maces & Flails
  3981 | D:4      | Gained mutation: You are robust. (+10% HP) [potion of mutation]
  3981 | D:4      | Gained mutation: You have large cloven feet. [potion of mutation]
  4259 | D:5      | Reached skill level 9 in Axes
  4327 | D:6      | Found a blossoming altar of Fedhas.
  4388 | D:5      | Reached skill level 2 in Maces & Flails
  4409 | D:5      | Reached * piety under Okawaru
  4692 | D:5      | Reached XP level 8. HP: 75/78 MP: 7/7
  4878 | D:5      | Found a sacrificial altar of Ru.
  4946 | D:6      | Reached skill level 3 in Maces & Flails
  5076 | D:7      | Noticed Turgon's ghost (novice OpIE)
  5118 | D:6      | Reached skill level 4 in Maces & Flails
  5306 | D:6      | Reached skill level 7 in Fighting
  5339 | D:6      | Reached skill level 5 in Maces & Flails
  5404 | D:6      | Reached skill level 6 in Maces & Flails
  5537 | D:6      | Reached skill level 7 in Maces & Flails
  5791 | D:6      | Reached skill level 8 in Maces & Flails
  5814 | D:7      | Reached ** piety under Okawaru
  5814 | D:7      | Reached XP level 9. HP: 86/86 MP: 8/8
  6162 | D:7      | Killed Turgon's ghost
  6162 | D:7      | Reached skill level 9 in Maces & Flails
  6539 | D:7      | Reached skill level 8 in Fighting
  6550 | D:8      | Reached skill level 10 in Maces & Flails
  6570 | D:8      | Noticed Erica
  6578 | D:8      | Killed Erica
  6578 | D:8      | Reached *** piety under Okawaru
  6578 | D:8      | Reached skill level 11 in Maces & Flails
  6630 | D:7      | Reached XP level 10. HP: 87/99 MP: 9/9
  6634 | D:7      | Reached **** piety under Okawaru
  6637 | D:7      | Reached skill level 9 in Fighting
  6637 | D:7      | Reached skill level 12 in Maces & Flails
  6801 | D:7      | Noticed Pikel
  6812 | D:7      | Killed Pikel
  7548 | D:7      | Identified a scroll of acquirement
  7549 | D:7      | Got a pair of twisted gloves
  7555 | D:7      | Identified the +0 pair of gloves "Esiqit" {rPois rCorr Dex+2} (You acquired it on level 7 of the Dungeon)
  7888 | D:8      | Reached ***** piety under Okawaru
  8029 | D:8      | Noticed a two-headed ogre
  8051 | D:8      | Reached skill level 4 in Armour
  8079 | D:8      | Killed a two-headed ogre
  8079 | D:8      | Reached skill level 10 in Fighting
  8079 | D:8      | Reached skill level 13 in Maces & Flails
  8079 | D:8      | Reached skill level 5 in Armour
  8360 | D:8      | Noticed Grum
  8395 | D:8      | Killed Grum
  8690 | D:8      | Found a glowing silver altar of Zin.
  8876 | D:8      | Noticed a two-headed ogre
  8994 | D:8      | Noticed an orange crystal statue
  9269 | D:9      | Reached XP level 11. HP: 96/111 MP: 10/10
  9571 | D:10     | Entered Level 10 of the Dungeon
  9578 | D:10     | Reached skill level 6 in Armour
  9694 | D:9      | Found a hazy altar of Hepliaklqana.
 10373 | D:10     | Reached skill level 11 in Fighting
 10431 | D:10     | Killed an unseen horror
 10431 | D:10     | Received a gift from Okawaru
 10431 | D:10     | Reached skill level 7 in Armour
 10637 | D:10     | Found a staircase to the Lair.
 10850 | Lair:1   | Entered Level 1 of the Lair of Beasts
 10852 | Lair:1   | Received a gift from Okawaru
 11057 | D:10     | Reached skill level 14 in Maces & Flails
 11122 | D:10     | Found a staircase to the Orcish Mines.
 11198 | Orc:1    | Entered Level 1 of the Orcish Mines
 11198 | Orc:1    | Found Xitoym's General Store.
 11198 | Orc:1    | Noticed a two-headed ogre
 11406 | D:10     | Noticed a two-headed ogre
 11419 | D:10     | Killed a two-headed ogre
 11419 | D:10     | Reached skill level 8 in Armour
 11419 | D:10     | Reached skill level 4 in Shields
 12336 | Lair:1   | Noticed a five-headed hydra
 12346 | Lair:1   | Killed a five-headed hydra
 12346 | Lair:1   | Reached skill level 12 in Fighting
 12346 | Lair:1   | Reached skill level 9 in Armour
 12346 | Lair:1   | Reached skill level 5 in Shields
 12440 | Lair:1   | Reached ****** piety under Okawaru
 12986 | Lair:1   | Reached skill level 6 in Shields
 12986 | Lair:1   | Reached XP level 12. HP: 100/123 MP: 11/11
 13124 | Lair:1   | Reached skill level 10 in Armour
 14165 | Lair:2   | Reached skill level 7 in Shields
 14527 | Lair:3   | Reached skill level 13 in Fighting
 14532 | Lair:3   | Received a gift from Okawaru
 14589 | Lair:2   | Reached skill level 8 in Shields
 15305 | Lair:3   | Found a staircase to the Snake Pit.
 15311 | Lair:3   | Reached skill level 9 in Shields
 15353 | Snake:1  | Entered Level 1 of the Snake Pit
 15395 | Snake:1  | Noticed a naga warrior
 15640 | Lair:3   | Reached skill level 14 in Fighting
 15884 | Lair:3   | Reached skill level 10 in Shields
 15899 | Lair:3   | Learned a level 2 spell: Blink
 16349 | Lair:4   | Received a gift from Okawaru
 16827 | Lair:4   | Found a staircase to the Shoals.
 16841 | Shoals:1 | Entered Level 1 of the Shoals
 16893 | Lair:4   | Reached XP level 13. HP: 137/137 MP: 12/12
 17673 | Lair:5   | Found a staircase to the Slime Pits.
 17681 | Lair:5   | Found a shimmering altar of Xom.
 17864 | Lair:1   | Learned a level 3 spell: Confuse
 17890 | Lair:1   | Got a pair of faintly humming gloves
 17901 | Lair:1   | Identified the +0 pair of gloves of Impatience {Int+3 Dex-3} (You acquired it on level 1 of the Lair of Beasts)
 18076 | Lair:6   | Entered Level 6 of the Lair of Beasts
 18236 | Lair:5   | Reached skill level 11 in Shields
 19475 | Orc:2    | Entered Level 2 of the Orcish Mines
 19475 | Orc:2    | Found a labyrinth entrance.
 19582 | Lab      | Entered a labyrinth
 19992 | Lab      | Reached skill level 15 in Fighting
 23641 | Lab      | Noticed a minotaur
 23650 | Lab      | Killed a minotaur
 23652 | Lab      | Got a shimmering jade ring
 23834 | Lab      | Got a shimmering lapis lazuli ring
 23838 | Lab      | Identified the Grimoire of Flight and Poisoning
 23883 | Orc:1    | Found a transporter.
 24059 | Orc:1    | Found a roughly hewn altar of Beogh.
 24060 | Orc:1    | Noticed an ettin
 24077 | Orc:1    | Received a gift from Okawaru
 24087 | Orc:1    | Slain by an ettin

Skill      XL: |  1  2  3  4  5  6  7  8  9 10 11 12 13 |
---------------+----------------------------------------+-----
Fighting       | 4 5 6 7 8 10 12 14 15 | 15.2
Axes           | 3 5 6 7 9 |  9.9
Maces & Flails | 2 8 11 13 14 | 14.0
Armour         | 5 9 10 | 10.0
Shields        | 6 10 11 | 11.7
Invocations    | |  0.4

Action                   |  1- 3 |  4- 6 |  7- 9 | 10-12 | 13-15 || total
-------------------------+-------+-------+-------+-------+-------++-------
Melee: War axe           |   116 |   172 |    13 |    43 |       ||   344
       Headbutt          |    14 |    29 |    42 |   175 |    32 ||   292
       Mace              |       |       |   255 |   602 |       ||   857
       Kick              |       |       |    57 |    88 |       ||   145
       Eveningstar       |       |       |       |   181 |   142 ||   323
Throw: Stone             |       |       |       |    12 |     2 ||    14
Invok: Heroism           |       |       |       |     1 |     1 ||     2
       Finesse           |       |       |       |       |     1 ||     1
 Abil: Evoke Flight      |       |       |       |     1 |       ||     1
Evoke: Wand              |       |       |       |    13 |     2 ||    15
  Use: Scroll            |     5 |       |     6 |     4 |    10 ||    25
       Potion            |     2 |       |     3 |     5 |     2 ||    12
 Stab: Invisible         |       |       |       |     3 |       ||     3
  Eat: Chunk             |     1 |     6 |    11 |    30 |     5 ||    53
       Fruit             |       |       |     1 |     4 |     2 ||     7
       Meat ration       |       |       |       |       |     3 ||     3
Armor: Scale mail        |    60 |    78 |   106 |    20 |       ||   264
       Plate armour      |       |       |       |   327 |    51 ||   378
Dodge: Dodged            |    42 |    52 |    66 |   107 |    19 ||   286
Block: Shield            |    72 |    86 |   109 |   354 |    67 ||   688
